Map: Orbital Shipyard

Players

BoogerSugar

  • Race: Terran Terran

Joneahboii - Winner!

  • Race: Zerg Zerg
  • League: Platinum

VOD

Have the link to the VOD?

Description

Time

  • Played on: Nov. 12, 2015, 12:39 a.m.
  • Length: 11:41
Show
View Real Time Build Order
Export as new Build Order

BoogerSugar Terran 

Build Orders: Command Center First (CC), Bio Tank 

Get SALT Encoding   

  12  0:01  SCV  
  13  0:13  SCV  
  14  0:18  Supply Depot  
  14  0:25  SCV  
  15  0:40  SCV  
  16  0:52  SCV  
  17  1:01  Command Center  
  17  1:05  SCV  
  18  1:12  Refinery  
  18  1:17  SCV  
  19  1:23  Barracks  
  19  1:29  SCV  
  20  1:41  SCV, Refinery  
  21  1:53  SCV  
  22  2:10  Orbital Command  
  22  2:13  Orbital Command  
  22  2:18  Factory  
  22  2:26  Barracks Reactor  
  23  2:37  SCV  
  23  2:39  SCV  
  24  2:49  SCV  
  24  2:51  SCV  
  26  3:01  SCV  
  26  3:03  SCV  
  28  3:12  Supply Depot  
  28  3:13  SCV  
  28  3:15  SCV  
  28  3:16  Factory Tech Lab  
  28  3:18  Starport, Marine x2  
  32  3:26  SCV  
  33  3:27  SCV  
  33  3:28  Command Center  
  34  3:35  Siege Tank, Marine  
  34  3:36  Marine  
  34  3:38  SCV  
  34  3:41  SCV  
  41  3:50  SCV  
  41  3:53  SCV, Marine x2  
  45  4:00  Supply Depot  
  45  4:02  SCV  
  46  4:04  Supply Depot  
  46  4:21  SCV, Medivac x2  
  46  4:22  Marine  
  46  4:23  Stimpack  
  52  4:26  SCV, Factory Tech Lab  
  53  4:33  SCV  
  53  4:37  Refinery x2  
  54  4:40  Marine  
  54  4:41  Engineering Bay, Orbital Command  
  54  4:42  SCV  
  54  4:44  Engineering Bay  
  56  4:46  SCV, Siege Tank  
  60  4:54  SCV  
  60  4:55  Barracks  
  60  4:56  Barracks  
  60  4:58  SCV  
  62  5:01  Marine  
  62  5:06  SCV  
  64  5:12  Barracks  
  64  5:13  Starport Reactor  
  64  5:16  SCV, Barracks  
  64  5:19  SCV  
  66  5:25  Orbital Command  
  66  5:27  Marine  
  70  5:28  Siege Tank  
  70  5:32  SCV  
  70  5:33  SCV  
  72  5:45  Marine  
  72  5:48  SCV x2  
  76  5:53  Barracks Reactor x2, Medivac  
  76  5:54  Medivac  
  77  5:58  SCV  
  77  6:00  SCV  
  77  6:04  Barracks Reactor  
  77  6:06  Marine x2  
  77  6:07  Terran Infantry Weapons Level 1  
  77  6:08  Siege Tank  
  77  6:09  SCV  
  77  6:10  SCV  
  79  6:11  Refinery  
  79  6:13  SCV  
  79  6:16  Terran Infantry Armor Level 1  
  79  6:17  Supply Depot  
  77  6:19  Marine  
  77  6:21  SCV  
  77  6:22  SCV  
  77  6:23  Combat Shields  
  80  6:25  Marine  
  80  6:26  Marine  
  80  6:31  Supply Depot, Barracks  
  80  6:32  Supply Depot  
  82  6:34  SCV x3, Barracks  
  82  6:37  Refinery  
  85  6:40  Command Center  
  85  6:48  Marine x7  
  85  6:49  Marine  
  85  6:52  Marine  
  85  6:53  Siege Tank  
  97  6:55  Armory  
  97  6:58  SCV x2  
  97  7:00  Supply Depot, Medivac  
  101  7:02  Supply Depot  
  101  7:05  SCV  
  101  7:07  Marine x6  
  108  7:10  SCV  
  109  7:20  Supply Depot  
  109  7:22  Supply Depot, SCV x2  
  111  7:24  Barracks Reactor x2, Marine x3  
  111  7:27  Medivac  
  111  7:29  Siege Tank  
  119  7:30  Medivac  
  119  7:31  Marine  
  119  7:32  Marine x3  
  125  7:42  SCV x3, Marine  
  125  7:43  Marine x4  
  133  7:49  Marine x3  
  136  8:03  Marine x10  
  136  8:04  Siege Tank  
  136  8:05  Medivac x2  
  148  8:07  Terran Vehicle Weapons Level 1, Marine x3  
  148  8:08  Terran Infantry Weapons Level 2  
  136  8:23  Marine x3  
  136  8:24  Marine x5  
  140  8:29  Marine x3  
  140  8:33  Marine x2  
  134  8:35  SCV x3  
  134  8:36  Siege Tank  
  134  8:40  Medivac x2  
  144  8:41  Marine x2  
  144  8:43  Terran Infantry Armor Level 2  
  144  8:44  Starport  
  146  8:50  Marine x6  
  149  9:05  Marine x7  
  156  9:27  Starport Reactor  
  156  9:39  Supply Depot, Missile Turret  
  156  9:40  Marine  
  156  9:41  Supply Depot, Marine x2  
  156  9:42  Marine  
  156  9:43  Marine x6  
  156  9:44  Medivac, Marine x3  
  156  9:45  Siege Tank, Medivac  
  142  9:58  Marine x2  
  142  9:59  Marine  
  135  10:00  Marine  
  135  10:01  Marine x6  
  135  10:02  Marine x3  
  135  10:05  Planetary Fortress  
  145  10:11  Missile Turret  
  145  10:12  Medivac  
  145  10:13  Missile Turret  
  147  10:15  Missile Turret  
  147  10:16  Marine x2  
  147  10:17  Marine  
  147  10:18  Marine x2  
  127  10:29  Marine x7  
  127  10:30  Marine  
  127  10:33  Marine  
  123  10:39  Marine x2  
  120  10:45  Hellbat  
  120  10:47  Marine x7  
  120  10:48  Missile Turret  
  129  10:52  Missile Turret, Marine  
  129  10:54  Marine  
  118  10:59  Missile Turret  
  118  11:03  Missile Turret  
  113  11:05  Marine x5  
  113  11:07  Marine  
  117  11:12  Marine  
  117  11:13  Marine  
  117  11:15  Missile Turret x2, Marine  
  115  11:23  Marine x2  
  95  11:33  Missile Turret  
Show
View Real Time Build Order
Export as new Build Order

Joneahboii Zerg - Winner!

Build Orders: Hatch First, Muta Ling Bane 

Get SALT Encoding   

  12  0:01  Drone  
  13  0:12  Overlord  
  13  0:18  Drone  
  14  0:31  Drone x2  
  14  0:34  Drone  
  17  0:52  Hatchery  
  17  0:55  Drone  
  17  0:59  Drone  
  18  1:08  Extractor  
  17  1:14  Spawning Pool  
  17  1:18  Drone  
  17  1:20  Drone  
  18  1:28  Drone  
  19  1:42  Overlord  
  19  1:49  Drone  
  20  2:00  Drone, Queen  
  23  2:03  Queen  
  23  2:05  Drone  
  26  2:12  Metabolic Boost  
  26  2:15  Drone x2  
  28  2:21  Drone  
  29  2:26  Drone  
  30  2:39  Hatchery  
  30  2:41  Queen  
  31  2:47  Overlord  
  31  2:49  Drone  
  31  2:50  Drone  
  33  2:55  Queen  
  35  3:01  Zergling x2  
  36  3:06  Drone x3  
  36  3:11  Drone x4  
  43  3:13  Drone  
  43  3:17  Overlord  
  44  3:22  Overlord  
  44  3:36  Overlord  
  44  3:38  Zergling x2  
  44  3:39  Zergling x4  
  47  3:43  Drone  
  47  3:44  Drone x5  
  47  3:47  Drone x2  
  55  3:51  Queen  
  55  3:52  Drone  
  58  3:56  Overlord  
  58  3:58  Drone  
  59  4:05  Drone  
  59  4:07  Drone x2  
  62  4:11  Drone x2  
  62  4:14  Drone x3  
  62  4:15  Overlord  
  62  4:16  Drone  
  68  4:19  Lair  
  68  4:21  Extractor  
  68  4:22  Drone x2, Extractor  
  68  4:23  Extractor  
  67  4:24  Overlord  
  67  4:38  Baneling Nest  
  67  4:43  Drone x2  
  68  4:47  Drone x3  
  68  4:48  Zergling x6  
  68  4:49  Zergling x6  
  68  4:50  Spore Crawler  
  76  4:55  Drone x4  
  76  4:56  Spore Crawler  
  76  4:57  Spine Crawler  
  76  4:59  Overlord  
  78  5:02  Zergling x2  
  79  5:11  Evolution Chamber x2, Overlord  
  76  5:16  Overlord  
  76  5:18  Overlord  
  76  5:21  Zergling x12  
  76  5:22  Overlord  
  76  5:26  Overlord  
  82  5:31  Overlord  
  82  5:33  Overlord  
  81  5:47  Zergling x6  
  81  5:49  Zergling x8  
  88  5:51  Overlord  
  80  5:57  Zergling x2  
  80  5:58  Zergling x2  
  80  6:01  Zerg Ground Armor Level 1, Zerg Melee Weapons Level 1  
  80  6:03  Overlord  
  82  6:05  Spire  
  82  6:08  Zergling x2  
  78  6:14  Drone x5  
  78  6:15  Extractor  
  78  6:16  Extractor  
  81  6:20  Queen  
  81  6:25  Drone x3  
  85  6:30  Overlord  
  86  6:35  Overlord  
  85  6:42  Drone x2  
  85  6:44  Overlord  
  87  6:53  Zergling x26  
  100  6:57  Hatchery, Pneumatized Carapace  
  99  7:17  Mutalisk  
  99  7:18  Hatchery, Mutalisk x10  
  99  7:21  Overseer  
  120  7:26  Zerg Flyer Weapons Level 1  
  120  7:29  Drone x6  
  126  7:34  Overlord  
  126  7:45  Baneling  
  126  7:46  Baneling x11  
  126  7:54  Centrifical Hooks  
  126  7:56  Zergling x20  
  126  7:57  Overlord  
  136  8:01  Overlord  
  136  8:03  Zergling x2  
  136  8:04  Zergling x2  
  137  8:06  Baneling x4  
  137  8:10  Overlord  
  136  8:14  Overlord  
  117  8:22  Mutalisk x3  
  117  8:25  Zergling x2  
  117  8:26  Zergling x14  
  124  8:36  Zerg Melee Weapons Level 2  
  124  8:39  Zergling x14  
  124  8:40  Queen  
  133  8:42  Extractor x2  
  130  8:50  Baneling x2  
  130  8:51  Baneling x5  
  130  8:54  Zergling x10  
  130  8:55  Zergling x12  
  141  9:03  Overlord  
  141  9:06  Zergling x2  
  141  9:07  Zergling x16  
  150  9:10  Overlord  
  150  9:15  Overlord  
  150  9:19  Zergling x12  
  150  9:20  Zergling x2  
  156  9:25  Overlord  
  149  9:37  Overlord  
  135  9:59  Mutalisk x5  
  135  10:00  Mutalisk x5  
  135  10:01  Infestation Pit  
  135  10:04  Drone x4, Extractor  
  135  10:06  Overlord  
  157  10:10  Overlord  
  157  10:15  Overlord  
  157  10:16  Baneling x2  
  157  10:17  Baneling x6  
  157  10:18  Hatchery  
  135  10:31  Mutalisk x4  
  135  10:33  Zergling x18  
  148  10:39  Zergling x2  
  148  10:40  Zergling x10  
  121  10:51  Zergling x14  
  121  10:52  Zergling x2  
  121  10:53  Baneling  
  127  10:59  Baneling x8  
Tags
 
Add a new tag
Caveats
  • Supply blocks, unpowered buildings, or Contaminate may cause inaccurate times.
  • Supply counts are checked every 10 seconds.